 Dungeon Crawl Stone Soup version 0.31-a0-1598-g94871bc2e8 (webtiles) character file.

Game seed: 1092327529688787204

26 kae the Vexing (level 2, 0/16 (20) HPs)
             Began as a Demonspawn Enchanter on Jan 7, 2024.
             Slain by a hobgoblin (1 damage)
             ... on level 2 of the Dungeon.
             The game lasted 00:01:31 (1367 turns).

kae the Vexing (Demonspawn Enchanter)               Turns: 1367, Time: 00:01:32

HP:   0/16 (20)     AC:  2    Str:  8    XL:     2   Next: 89%
MP:   2/5           EV: 12    Int: 15    God:
Gold: 63            SH:  0    Dex: 13    Spells: 3/5 levels left

rFire   . . .        a - +1 dagger
rCold   . . .        (no shield)
rNeg    . . .        b - +0 robe
rPois   .            (no helmet)
rElec   .            (no cloak)
rCorr   .            (no gloves)
SInv    .            (no boots)
Will    .....        (no amulet)
Stlth   ++           (no ring)
HPRegen 0.22/turn    (no ring)
MPRegen 0.18/turn

%: no passive effects
@: heavily drained
A: magic regeneration
a: no special abilities


You were on level 2 of the Dungeon.
You visited 1 branch of the dungeon, and saw 2 of its levels.

You collected 63 gold pieces.


Innate Abilities, Weirdness & Mutations

You regenerate magic rapidly.


   Skills:
 + Level 0.6 Fighting
 * Level 1.4 Short Blades
 - Level 1.7 Dodging
 * Level 3.1 Stealth
 + Level 2.1 Spellcasting
 + Level 3.1 Hexes
 + Level 0.1 Ice Magic


You had 3 spell levels left.
You knew the following spells:

 Your Spells              Type           Power      Damage    Failure   Level
a - Ensorcelled Hibernat  Hex/Ice        12%        N/A       17%         2

Your spell library contained the following spells:

 Spells                   Type           Power      Damage    Failure   Level
 Confusing Touch          Hex            11%        N/A       19%         3
 Tukima's Dance           Hex            11%        N/A       19%         3
 Dazzling Flash           Conj/Hex       12%        N/A       34%         3
 Passwall                 Erth           1%         N/A       54%         3
 Swiftness                Air            1%         N/A       54%         3

Inventory:

Hand Weapons
 a - a +1 dagger (weapon)
Missiles
 g - 22 stones
 i - 3 poisoned darts
Armour
 b - a +0 robe (worn)
Magical Staves
 k - a staff of air {!a}
   (You found it on level 1 of the Dungeon)
Scrolls
 d - a scroll of identify {@r1}
 e - 2 scrolls of enchant weapon {unknown}
 m - a scroll of blinking {unknown}
Potions
 c - 2 potions of invisibility
 f - 2 potions of curing {@q1}
 h - a potion of heal wounds {unknown}
 j - a potion of attraction {unknown}
 l - 2 potions of degeneration {unknown}

Dungeon Overview and Level Annotations

Branches:
Dungeon (2/15) Zot: 10637

Altars:
Makhleb

.)...........# ##.#.......#
..#..........###.....######
##..#.............#.###
.............#........#
##.#.........#........#
#............#........#
..>..........#........#
.#....................#
............##..@.....#
...##......###..g....[#
............ #........#
...... #........# ......
#.......... ......
.##.##.##.# ...... #. ...
.# .# (..... ## #.. ..
#.....


You could see a hobgoblin.


Message History

No target in view!
No target in view!
Unknown command.
m - a scroll labelled JIPNET EROHAI You now have 63 gold pieces (gained 10).
A bat comes into view.
A bat is nearby!
A bat is nearby!
A bat is nearby!
A bat is nearby!
Unknown command.
A bat is nearby!
Unknown command.
A bat is nearby!
You miss the bat. The bat barely misses you. The bat closely misses you.
You miss the bat. The bat hits you.
You hit the bat.
You kill the bat!
No target in view! 😕 HP[-1]
You take 1 damage, and now have 15/16 hp.
No target in view!
No target in view!
A hobgoblin comes into view. 😎 HP[+1]
Your hp is fully restored (16).
The hobgoblin shouts!
A ball python comes into view.
There are monsters nearby!
There are monsters nearby!
A bat comes into view.
You closely miss the hobgoblin.
There are monsters nearby!
You hit the hobgoblin but do no damage. The hobgoblin hits you.
You hit the hobgoblin. The bat closely misses you.
The ball python bites you but does no damage.
The ball python grabs you. The ball python constricts you.
The hobgoblin hits you. 😕 HP[-3]
You take 3 damage, and now have 13/16 hp.
Unknown command.
Casting: Ensorcelled Hibernation (safe; 17% risk of failure)
Confirm with . or Enter, or press ? or * to list all spells.
Aiming: Ensorcelled Hibernation (safe; 17% risk of failure)
Press: ? - help, Shift-Dir - straight line, f - bat
Aim: a bat (chance to affect: 57%)
The bat looks drowsy...
The ball python bites you. The ball python constricts you.
The hobgoblin barely misses you. The ball python barely misses you.
The ball python constricts you. 😮 HP[-1] MP[-2]
You take 1 damage, and now have 12/16 hp.
You lost 2 mp, and now have 3/5 mp.
The helpless bat fails to defend itself.
You puncture the bat!
You kill the bat!
The hobgoblin barely misses you.
The ball python bites you but does no damage.
The ball python constricts you. 😮 HP[-1]
You take 1 damage, and now have 11/16 hp.
Unknown command.
Casting: Ensorcelled Hibernation (safe; 17% risk of failure)
Confirm with . or Enter, or press ? or * to list all spells.
Aiming: Ensorcelled Hibernation (safe; 17% risk of failure)
Press: ? - help, Shift-Dir - straight line, f - ball python
Aim: a ball python (constricting you, chance to affect: 57%)
The ball python resists with significant effort.
The hobgoblin hits you but does no damage.
The ball python closely misses you.
The ball python constricts you. 😮 HP[-1] MP[-2]
You take 1 damage, and now have 10/16 hp.
You lost 2 mp, and now have 1/5 mp.
Unknown command.
You hit the ball python. The hobgoblin misses you.
The ball python bites you but does no damage.
The ball python constricts you.
You closely miss the ball python. The ball python misses you.
The ball python constricts you. The hobgoblin hits you.
* * * LOW HITPOINT WARNING * * *
😨 HP[-3]
You take 3 damage, and now have 7/16 hp.
You hit the ball python. The ball python closely misses you.
The ball python constricts you.
* * * LOW HITPOINT WARNING * * *
The hobgoblin completely misses you. 😨 MP[+1]
You hit the ball python.
You kill the ball python!
The hobgoblin hits you.
* * * LOW HITPOINT WARNING * * *
Unknown command. 😱 HP[-3]
You take 3 damage, and now have 4/16 hp.
You hit the hobgoblin. The hobgoblin hits you.
* * * LOW HITPOINT WARNING * * *
😱 HP[-3]
You take 3 damage, and now have 1/16 hp.
You hit the hobgoblin but do no damage. The hobgoblin hits you.
You die...

Skill      XL: |  1  2 |
---------------+-------+-----
Short Blades   | 1 |  1.4
Stealth        | 3 |  3.1
Fighting       | |  0.6
Dodging        | |  1.7
Spellcasting   | |  2.1
Hexes          | |  3.1
Ice Magic      | |  0.1

Action                     || total
---------------------------++-------
  Melee: Dagger            ||    87
         Punch             ||     1
   Cast: Ensorcelled Hiber ||     4
    Use: Scroll            ||     2
   Stab: Sleeping          ||     7
 Armour: Robe              ||    50
  Dodge: Dodged            ||    44

Levels and vault maps discovered:
D:1:      tarquinn_simple_flora_water_e, layout_basic,
          hellmonk_ecumenical_altar_leap_of_faith, hangedman_decor_growths,
          nrook_mini_backslash
D:2:      minmay_alternating_diamond, layout_rooms, basic_altar, serial_shops,
          nicolae_shop_rolling_square

Notes
Turn   | Place    | Note
-------+----------+-------------------------------------------
     0 | D:1      | kae the Demonspawn Enchanter began the quest for the Orb.
     0 | D:1      | Reached XP level 1. HP: 13/13 MP: 3/3
     0 | D:1      | magus.rc [v1.11.3]
   146 | D:1      | Found a faded altar of an unknown god.
   149 | D:1      | You pick up a book of Burglary and begin reading...
   149 | D:1      | You add the spells Swiftness and Passwall to your library.
   188 | D:1      | Reached skill level 1 in Short Blades
   373 | D:1      | Gained mutation: You regenerate magic rapidly. [demonic
                  | ancestry]
   373 | D:1      | Reached XP level 2. HP: 18/19 MP: 5/5
   464 | D:1      | Reached skill level 3 in Stealth
   506 | D:1      | Learned a level 2 spell: Ensorcelled Hibernation
  1266 | D:2      | Found a burning altar of Makhleb.
  1365 | D:2      | HP: 4/16 [hobgoblin (3)]
  1366 | D:2      | HP: 1/16 [hobgoblin (3)]
  1367 | D:2      | Slain by a hobgoblin

Vanquished Creatures
  A dart slug (D:1)
  7 bats
  2 endoplasms (D:1)
  A giant cockroach (D:2)
  A goblin (D:2)
  2 hobgoblins
  4 kobolds
  2 ball pythons
  A frilled lizard (D:1)
  2 rats (D:2)
23 creatures vanquished.

Table legend:
 A = Non-vault XP
 B = Vault XP
 C = Vault XP percentage of total XP
 D = Non-vault monster count
 E = Vault monster count
 F = Vault count percentage of total count
                 A         B        C        D         E       F
            +---------+---------+-------+---------+---------+-------
      Total |      31 |       7 |  18.4 |      19 |       4 |  17.4
            +---------+---------+-------+---------+---------+-------
        D:1 |      23 |       0 |   0.0 |      13 |       0 |   0.0
        D:2 |       8 |       7 |  46.7 |       6 |       4 |  40.0
            +---------+---------+-------+---------+---------+-------

Skill      XL: |  1  2 |
---------------+-------+-----
Short Blades   | 1 |  1.4
Stealth        | 3 |  3.1
Fighting       | |  0.6
Dodging        | |  1.7
Spellcasting   | |  2.1
Hexes          | |  3.1
Ice Magic      | |  0.1

Action                     || total
---------------------------++-------
  Melee: Dagger            ||    87
         Punch             ||     1
   Cast: Ensorcelled Hiber ||     4
    Use: Scroll            ||     2
   Stab: Sleeping          ||     7
 Armour: Robe              ||    50
  Dodge: Dodged            ||    44

Illustrated notes

Table legend:
 A = Kills in this place as a percentage of kills in the entire game.
 B = Kills by you in this place as a percentage of kills by you in the entire game.
 C = Kills by friends in this place as a percentage of kills by friends in the entire game.
 D = Other kills in this place as a percentage of other kills in the entire game.
 E = Experience gained in this place as a percentage of experience gained in the entire game.
 F = Experience gained in this place divided by the number of levels of this place that you have seen.
                   A       B       C       D       E      F
               +-------+-------+-------+-------+-------+----------------------
         Total | 100.0 | 100.0 |   N/A |   N/A | 100.0 |  19.0
       Dungeon | 100.0 | 100.0 |   N/A |   N/A | 100.0 |  19.0
               +-------+-------+-------+-------+-------+----------------------

Table legend: (Time is in decaauts)
 A = Elapsed time spent in this place.
 B = Non-inter-level travel time spent in this place.
 C = Inter-level travel time spent in this place.
 D = Time resting spent in this place.
 E = Time spent auto-exploring this place.
 F = Levels seen in this place.
 G = Mean time per level.
                   A        B        C        D        E       F      G
               +--------+--------+--------+--------+--------+-----+--------+
         Total |   1361 |   1353 |      8 |     12 |   1151 |   2 |  680.5 |
       Dungeon |   1361 |   1353 |      8 |     12 |   1151 |   2 |  680.5 |
               +--------+--------+--------+--------+--------+-----+--------+

Top non-repeatable levels by time:
     D:1: 1061 daAuts
     D:2: 300 daAuts
